 Dungeon Crawl Stone Soup version 0.27.1 (webtiles) character file.

Game seed: 16328624185170982129

106 Ishikawa the Skirmisher (level 4, -2/35 HPs)
             Began as a Demonspawn Fighter on Aug 24, 2021.
             Slain by a water moccasin (5 damage)
             ... on level 4 of the Dungeon.
             The game lasted 00:04:27 (3167 turns).

Ishikawa the Skirmisher (Demonspawn Fighter)        Turns: 3167, Time: 00:04:28

Health: -2/35      AC:  6    Str: 16    XL:     4   Next: 55%
Magic:  4/4        EV:  7    Int: 10    God:
Gold:   62         SH:  9    Dex: 13    Spells: 3/3 levels left

rFire    . . .     SeeInvis .   a - +0 war axe
rCold    . . .     Faith    .   c - +0 kite shield
rNeg     . . .     Spirit   .   b - +0 scale mail
rPois    .         Reflect  .   (no helmet)
rElec    .         Harm     .   (no cloak)
rCorr    .         Rampage  .   (no gloves)
Will     .....                  (no boots)
Stlth    ..........             (no amulet)
HPRegen  0.11/turn              (no ring)
MPRegen  0.09/turn              (no ring)

@: no status effects
A: demonic magic 1
a: no special abilities


You were on level 4 of the Dungeon.
You visited 1 branch of the dungeon, and saw 4 of its levels.

You collected 62 gold pieces.

Inventory:

Hand Weapons
 a - a +0 war axe (weapon)
Armour
 b - a +0 scale mail (worn)
 c - a +0 kite shield (worn)
Wands
 r - a wand of mindburst (20)
Scrolls
 f - a scroll of teleportation {unknown}
 i - a scroll of brand weapon {unknown}
 k - a scroll of fog {unknown}
 l - a scroll of magic mapping {unknown}
 m - 2 scrolls of fear {unknown}
 n - 3 scrolls of identify {unknown}
 o - a scroll of acquirement {unknown}
Potions
 d - 2 potions of might
 e - a potion of invisibility {unknown}
 g - a potion of haste {unknown}
 h - a potion of mutation {unknown}
 j - 2 potions of curing {unknown}
 p - a potion of flight {unknown}
 q - a potion of ambrosia {unknown}


   Skills:
 * Level 3.4 Fighting
 * Level 2.9 Axes
 * Level 3.1 Armour
 * Level 0.9 Dodging
 * Level 0.9 Stealth
 * Level 3.0 Shields
 * Level 0.4 Spellcasting


You had 3 spell levels left.
You didn't know any spells.
Your spell library contained the following spells:

 Spells                   Type           Power      Damage    Failure   Level
 Blink                    Tloc           N/A        N/A       100%        2
 Lesser Beckoning         Tloc           0%         N/A       100%        3
 Manifold Assault         Tloc           0%         N/A       100%        5


Dungeon Overview and Level Annotations

Branches:
Dungeon (4/15)
 Temple: D:4-7

Altars:


Innate Abilities, Weirdness & Mutations

Spells you cast may paralyse adjacent enemies.


Message History

The water moccasin bites you but does no damage.
The water moccasin bites you.
A worm comes into view.
The orc wizard casts a spell.
The orc wizard flickers and vanishes!
Deactivating autopickup; reactivate with Ctrl-A.
You completely miss the water moccasin.
You feel sick. The water moccasin bites you.
You block the water moccasin's attack. x2
You closely miss the water moccasin.
You feel sick.
The water moccasin bites you but does no damage. x2
You barely miss the water moccasin.
You feel sick.
You are no longer poisoned.
The water moccasin barely misses you. x2
Your shield prevents you from hitting the water moccasin.
The water moccasin bites you but does no damage. x2
You block the water moccasin's attack.
You slash the water moccasin!
The water moccasin is moderately wounded.
The water moccasin bites you!
* * * LOW HITPOINT WARNING * * *
The water moccasin bites you.
* * * LOW HITPOINT WARNING * * *
You miss the water moccasin.
The water moccasin is moderately wounded.
You block the water moccasin's attack. The water moccasin bites you.
* * * LOW HITPOINT WARNING * * *
You miss the water moccasin.
The water moccasin is moderately wounded.
The water moccasin barely misses you.
The iguana hisses menacingly.
The water moccasin bites you but does no damage.
You closely miss the water moccasin.
The water moccasin is moderately wounded.
You block the water moccasin's attack. x2
You hit the water moccasin.
The water moccasin is moderately wounded.
You block the water moccasin's attack.
The water moccasin bites you but does no damage.
The water moccasin bites you.
You die... .. ........ .##.#.... ........ ...... ## #.... ...# low

.... #S#
#.. #@#
#.#
#.#+#.#
#.....#
..#.....#
#.#.....#
#....##.#
##.#.##.#
#.#.##.#
#...##.#


You could see a water moccasin, a worm, an iguana and an orc.

Vanquished Creatures
  An orc priest (D:2)
  An adder (D:2)
  A worm (D:3)
  5 orcs
  5 ball pythons
  4 bats
  4 endoplasms
  3 giant cockroaches
  3 hobgoblins (D:2)
  4 jackals (D:2)
  7 kobolds
  3 quokkas
  4 goblins
  8 rats
53 creatures vanquished.

Notes
Turn   | Place    | Note
-------+----------+-------------------------------------------
     0 | D:1      | Ishikawa the Demonspawn Fighter began the quest for the
                  | Orb.
     0 | D:1      | Reached XP level 1. HP: 18/18 MP: 1/1
    61 | D:1      | You fall into a shaft and drop 1 floor!
   376 | D:1      | Gained mutation: Spells you cast may paralyse adjacent
                  | enemies. [demonic ancestry]
   376 | D:1      | Reached XP level 2. HP: 20/24 MP: 2/2
   878 | D:1      | Found a faded altar of an unknown god.
  1402 | D:2      | Reached XP level 3. HP: 13/29 MP: 3/3
  1624 | D:2      | Reached XP level 4. HP: 32/35 MP: 4/4
  3153 | D:4      | Noticed a water moccasin
  3167 | D:4      | Slain by a water moccasin

Illustrated notes

Levels and vault maps discovered:
D:1:      amcnicky_arrival_abandoned_market, layout_basic,
          dreamdust_ecumenical_altar_statues
D:2:      layout_basic, kennysheep_cross_room, minmay_vboxes
D:3:      layout_loops_ring, fountainhead
D:4:      layout_basic, cheibrodos_sewer_entry_sluice

Skill      XL: |  1  2  3  4 |
---------------+-------------+-----
Axes           | 2 |  2.9
Armour         | 3 |  3.1
Shields        | 3 |  3.0
Fighting       | |  3.4
Dodging        | |  0.9
Stealth        | |  0.9
Spellcasting   | |  0.4

Action                   |  1- 3 |  4- 6 || total
-------------------------+-------+-------++-------
Melee: War axe           |    61 |   101 ||   162
Armor: Scale mail        |    21 |    40 ||    61
Dodge: Dodged            |    24 |    36 ||    60
Block: Kite shield       |    28 |    67 ||    95
